[Event "FRA-ch Teams Top 16-Haute 2022"]
[Site "Chartres"]
[Date "2022.06.19"]
[Round "11.19"]
[White "Maghsoodloo, Parham"]
[Black "Fedorchuk, Sergey A."]
[Result "1/2-1/2"]
[ECO "E13"]
[WhiteElo "2699"]
[BlackElo "2606"]
[Annotator "TA"]
[PlyCount "71"]
[EventDate "2022.06.16"]
[EventType "team-tourn"]
[EventCountry "FRA"]
[SourceTitle "playchess.com"]
[Source "ChessBase"]
[SourceQuality "1"]
[TimeControl "40/5400+30:1800+30"]

1. d4 Nf6 2. c4 e6 3. Nc3 Bb4 4. Nf3 b6 5. Bg5 h6 6. Bh4 g5 7. Bg3 Ne4 8. Qc2 Bb7 9. e3 Bxc3+ 10. bxc3 Nxg3 11. hxg3 Qe7 {[%emt 0:01:23] E13: Queen's Indian/Nimzo-Indian hybrid: 4 Nc3 Bb7 5 Bg5 h6 6 Bh4 Bb4.} 12. a4 Nc6 {[%emt 0:03:35] [#]} 13. c5 $146 ({Predecessor:} 13. Bd3 d6 14. g4 Na5 15. Be4 O-O-O 16. Bxb7+ Kxb7 17. Qe4+ Kb8 18. d5 Rde8 19. Nd4 {½-½ (41) Akobian,V (2600)-Stein,A (2415) San Diego 2006}) 13... Na5 14. Rb1 d6 15. Bb5+ Kf8 16. cxd6 cxd6 17. e4 Rc8 18. Bd3 Kg7 19. O-O Rc7 20. Qb2 Rhc8 21. Rbc1 Nc4 22. Qe2 Na5 {[%emt 0:04:09] Hoping for ...Nb3.} 23. Qb2 {[%emt 0:20:05] Against Nb3} Nc4 24. Qe2 Na5 25. Nh2 (25. Qb2 $1 $11) 25... Nb3 $36 {[%emt 0:03:15][%mdl 2048] Keeping White busy.} ({Stronger than} 25... Rxc3 26. Rxc3 Rxc3 27. f4 $17) 26. Rcd1 Rxc3 27. Bb1 e5 28. dxe5 dxe5 29. Qh5 Nd4 30. Ng4 {[%emt 0:00:05] [#]} R8c6 (30... Rh8 $1 $17 {And now ...Ba6 would win.} 31. Ne3 Rc5) 31. Rfe1 $2 (31. Ba2 $15) 31... Rg6 32. Ne3 Rf6 (32... Bc6 $142 33. Nd5 Qc5 34. Nxc3 Qxc3) 33. Ng4 Rg6 34. Ne3 $1 Rf6 ({Black should try} 34... Bc6 $19 35. Nd5 Qc5 36. Nxc3 Qxc3) 35. Ng4 $1 Rg6 36. Ne3 $1 {[%emt 0:02:12] Weighted Error Value: White=0.22 (precise) /Black=0.29 (precise)} 1/2-1/2

[Event "FRA-ch Teams Top 16-Haute 2022"]
[Site "Chartres"]
[Date "2022.06.19"]
[Round "11.20"]
[White "Grandelius, Nils"]
[Black "Tregubov, Pavel V."]
[Result "1/2-1/2"]
[ECO "C42"]
[WhiteElo "2635"]
[BlackElo "2541"]
[Annotator "TA"]
[PlyCount "88"]
[EventDate "2022.06.16"]
[EventType "team-tourn"]
[EventCountry "FRA"]
[SourceTitle "playchess.com"]
[Source "ChessBase"]
[SourceQuality "1"]
[TimeControl "40/5400+30:1800+30"]

1. e4 e5 2. Nf3 Nf6 3. Nxe5 d6 4. Nf3 Nxe4 5. Nc3 Nf6 6. d4 Be7 7. Bd3 O-O 8. O-O {[%emt 0:00:27] C42: Petroff Defence: 3 Nxe5 and unusual White 3rd moves.} Bg4 9. h3 Bh5 10. Re1 {[%emt 0:00:41] White has an edge.} Re8 11. g4 Bg6 12. g5 Nfd7 13. Bf1 {[%emt 0:01:50] [#]} c5 $146 ({Predecessor:} 13... Nb6 14. Nh4 d5 15. Nxg6 hxg6 16. Bf4 Nc6 17. Qd3 Rc8 18. a3 Nc4 19. b4 Nd6 {1-0 (31) Muniz Pardino,A (2260)-Nemec,Z (2317) LSS email 2018}) 14. dxc5 dxc5 15. Nh4 Nc6 16. Nxg6 hxg6 17. Bg2 Nd4 18. Nd5 (18. Bf4 $14) 18... Bd6 $11 {[%emt 0:02:33] ...Rxe1+ is the strong threat.} 19. Rxe8+ Qxe8 20. c3 Ne2+ {[%emt 0:16:52] Pair of Knights!} 21. Kf1 Nxc1 22. Rxc1 Nf8 23. h4 Ne6 24. Qb3 b5 (24... Qd7 $14) 25. Re1 $16 {[%emt 0:00:47][%cal Oh4h5] Strongly threatening h5!} Rd8 {[%emt 0:00:32] [#]} 26. Bh3 {[%emt 0:01:48] White is more active.} ({White should play} 26. h5 $1 $16 {[%cal Rh5g6] Threatens to win with hxg6.} Qd7 27. hxg6 Nxg5 28. Qc2) 26... c4 $14 27. Qd1 {[%emt 0:07:04] Black must now prevent h5.} (27. Qc2 $5 ) 27... Qc6 ({Better is} 27... Bc5 $11) 28. Qf3 Qc5 (28... Qd7 $14) 29. Rxe6 (29. Bxe6 $16 fxe6 30. Rxe6) 29... fxe6 $11 {[%emt 0:00:31] The position is equal.} 30. Bxe6+ Kh8 31. Bf7 Bb8 $1 (31... Rf8 $2 32. h5 Be7 {[#]} 33. Nf4 $1 $18) 32. h5 Qd6 33. hxg6 Qh2 {[%emt 0:00:07] Prevents Qh3+.} 34. Qg4 a5 35. Qg2 Qh4 {[%emt 0:01:02][%mdl 1024] Black has compensation.} 36. Ke2 b4 37. f4 Ba7 38. Kd1 b3 39. a4 Be3 40. Ke2 Bc1 41. Kf3 Rxd5 {[%emt 0:06:46][%mdl 64] Remove Defender} 42. Bxd5 Qxf4+ 43. Ke2 {[%emt 0:00:02] Intending Qh1+ and mate.} Qd2+ 44. Kf1 {[%emt 0:00:58][%cal Rg2h3] Dancing on a razor blade.} Qxg2+ {[%emt 0:01:33] Weighted Error Value: White=0.12 (very precise) /Black=0.12 (very precise)} 1/2-1/2

[Event "FRA-ch Teams Top 16-Haute 2022"]
[Site "Chartres"]
[Date "2022.06.19"]
[Round "11.21"]
[White "Libiszewski, Fabien"]
[Black "Velten, Paul"]
[Result "1/2-1/2"]
[ECO "C54"]
[WhiteElo "2514"]
[BlackElo "2492"]
[Annotator "TA"]
[PlyCount "106"]
[EventDate "2022.06.16"]
[EventType "team-tourn"]
[EventCountry "FRA"]
[SourceTitle "playchess.com"]
[Source "ChessBase"]
[SourceQuality "1"]
[TimeControl "40/5400+30:1800+30"]

1. e4 e5 2. Nf3 Nc6 3. Bc4 Bc5 4. c3 Nf6 5. d4 exd4 6. cxd4 Bb4+ 7. Nbd2 $1 {[%emt 0:00:13][%mdl 4] now scores much better than the old 7.Bd2.} d5 8. exd5 Nxd5 9. O-O {[%emt 0:00:19] C54: Giuoco Piano: 4 c3 Nf6, main lines with 5 d4 and 5 d3.} O-O 10. a3 Bxd2 11. Bxd2 Nb6 12. Ba2 Be6 13. Bg5 Qd7 14. Bxe6 Qxe6 {[%emt 0:00:49] [#]} 15. Re1 $146 ({Predecessor:} 15. Bf4 Qd7 16. Rc1 Rfe8 17. Bg3 Rad8 18. Rc5 Nd5 19. Qb3 b6 20. Rc2 Na5 21. Qd3 {1-0 (75) Carvaga,R (2044)-Miksovsky,J (1951) ICCF email 2011}) 15... Qd5 16. Bf4 Rac8 17. Rc1 Rfd8 18. Rc5 Qd7 19. h3 f6 (19... Nxd4 $2 20. Nxd4 h6 21. Be3 $18) 20. Bg3 Qf7 21. Qc2 Rd7 22. Rc1 Re8 23. b4 Nd5 24. b5 Nd8 25. Qa4 c6 26. R5c2 ({Don't go for} 26. Qxa7 $2 b6 27. Qxd7 Qxd7 $19) 26... cxb5 27. Qxa7 Nc6 28. Qc5 b4 29. axb4 Ndxb4 {[%emt 0:00:44] Pair of Knights!} (29... Ncxb4 $5 30. Rd2 g5 $11) 30. Rd2 Red8 31. Rb1 Nd5 32. Rdb2 g5 33. Rb5 Rc8 34. Qc4 b6 {[%emt 0:00:26] aiming for ...Na7.} 35. Qd3 Nce7 36. R5b3 Qg6 37. Qb5 Rcd8 38. Re1 Qc2 39. Rbb1 Qg6 40. Rbc1 Qf7 41. Qd3 h6 42. Re2 Qg6 43. Qb3 Nf5 44. Re6 Qf7 45. Rce1 b5 46. Qxb5 Nxg3 {[%emt 0:00:16][%mdl 64] [#] Remove Defender} 47. fxg3 Nc7 $1 48. Qc6 Nxe6 49. Rxe6 Kg7 {[%emt 0:00:33] next ...Re7 is good for Black.} 50. Qe4 $1 Rxd4 51. Nxd4 {[%emt 0:00:21] The position is equal.} Rxd4 {[%emt 0:00:04][%mdl 64] [#] Remove Defender} 52. Qxd4 {[%emt 0:00:14] Threatening mate with Qd6.} Qxe6 53. Qa7+ Kg6 {[%emt 0:46:01] An interesting draw.  Weighted Error Value: White=0.05 (flawless) /Black=0.04 (flawless)} 1/2-1/2

[Event "FRA-ch Teams Top 16-Haute 2022"]
[Site "Chartres"]
[Date "2022.06.19"]
[Round "11.22"]
[White "Edouard, Romain"]
[Black "Hamdouchi, Hicham"]
[Result "0-1"]
[ECO "B80"]
[WhiteElo "2575"]
[BlackElo "2536"]
[Annotator "TA"]
[PlyCount "60"]
[EventDate "2022.06.16"]
[EventType "team-tourn"]
[EventCountry "FRA"]
[SourceTitle "playchess.com"]
[Source "ChessBase"]
[SourceQuality "1"]
[TimeControl "40/5400+30:1800+30"]

1. e4 c5 2. Nf3 e6 3. d4 cxd4 4. Nxd4 Nf6 5. Nc3 Nc6 6. g3 d6 7. Bg2 Bd7 8. Nde2 a6 9. O-O Be7 10. h3 b5 11. a3 Qc7 {[%emt 0:06:42] B80: Sicilian Scheveningen: 6 g3 and 6 Be3, including English Attack.} 12. g4 Bc8 13. Ng3 {[%emt 0:00:33] [#]} Bb7 $146 {[%emt 0:00:37] Black has an edge.} ({Predecessor:} 13... O-O 14. f4 Nd7 15. g5 Re8 16. Kh1 Bf8 17. f5 Nce5 18. Nce2 Bb7 19. Nd4 g6 {1-0 (34) Kasimdzhanov,R (2683)-Alekseev,E (2616) Riadh 2017}) 14. f4 Na5 15. Kh1 (15. g5 {keeps more tension.} Nd7 16. f5 O-O-O 17. Nge2) 15... h6 16. Nce2 h5 17. g5 h4 $1 {[%emt 0:14:55] And now ...Nd7 would win.} 18. gxf6 Bxf6 19. e5 $2 (19. Nh5 $15 Rxh5 20. f5) 19... hxg3 $2 ({Black should play} 19... Bxg2+ $1 $19 20. Kxg2 dxe5) 20. exf6 $15 Rxh3+ $1 (20... gxf6 21. Kg1 $14) 21. Kg1 Rh2 {[%emt 0:00:00] Chess con chili.} 22. Rf2 (22. Rf3 $1 $15 Bxf3 23. Bxf3 gxf6 24. Be3 (24. Nxg3 Rxc2 25. Be4 Nb3 $17)) 22... Qc5 (22... Bxg2 23. Nxg3 Rh7 24. Qd3 $18 (24. Kxg2 gxf6 25. Qf3 Qc6 $16) (24. Rxg2 Qb6+ 25. Kf1 gxf6 $16)) (22... Rxg2+ $1 $19 23. Rxg2 Qc6) 23. Nd4 $17 {[%emt 0:00:32][%cal Og2b7] [#] aiming for Bxb7!} Rxg2+ $40 {[%emt 0:00:00][%mdl 192] Remove Defender. Black wants a kill.} 24. Rxg2 Qd5 {[%emt 0:00:00][%csl Gb7][%cal Rd5g2] Black is more active.} 25. Qe2 Qxd4+ $19 26. Be3 Qxf6 27. Rxg3 O-O-O {[%emt 0:00:00] ...Rh8 is the strong threat.} (27... Qh4 28. Qh2 Qxh2+ 29. Kxh2 $11) 28. Rh3 {[%emt 0:02:00] [#] Inhibits Rh8.} (28. Qh2 $17 Nc4 29. Rd1) 28... Nc4 $1 ({Stronger than} 28... Qxb2 29. Rd1 Qc3 30. Qf2 $17) 29. Kh2 (29. Qf2 $142) 29... g5 ({Avoid the trap} 29... Nxb2 $2 30. Qf2 Nc4 31. Bd4 $19) ({Don't blunder} 29... Qxb2 $2 30. Re1 $19) 30. Rf1 $2 (30. fxg5 Qe5+ 31. Kg1) 30... Rh8 {[%emt 0:00:00] Weighted Error Value: White=0.72/Black=0.27 (precise)} 0-1

[Event "FRA-ch Teams Top 16-Haute 2022"]
[Site "Chartres"]
[Date "2022.06.19"]
[Round "11.23"]
[White "Gharamian, Tigran"]
[Black "David, Alberto"]
[Result "1/2-1/2"]
[ECO "B47"]
[WhiteElo "2602"]
[BlackElo "2520"]
[Annotator "TA"]
[PlyCount "42"]
[EventDate "2022.06.16"]
[EventType "team-tourn"]
[EventCountry "FRA"]
[SourceTitle "playchess.com"]
[Source "ChessBase"]
[SourceQuality "1"]
[TimeControl "40/5400+30:1800+30"]

1. e4 c5 2. Nf3 e6 3. d4 cxd4 4. Nxd4 Nc6 5. Nc3 Qc7 6. g4 {[%emt 0:00:08] B47: Sicilian: Taimanov: 5 Nc3 Qc7 6 f4, 6 g3 and 6 Be2.} a6 7. Be3 Nxd4 8. Qxd4 b5 9. O-O-O Bb7 {[%emt 0:00:37] [#]} 10. Rd2 $146 ({Predecessor:} 10. f3 Rc8 11. Qd2 Bb4 12. Bd4 f6 13. g5 h6 14. gxh6 Nxh6 15. a3 Bxa3 16. bxa3 {½-½ (54) Grandelius,N (2672)-Carlsen,M (2865) Wijk aan Zee 2022}) 10... Nf6 {[%emt 0:31:59] [#] ...b4 is the strong threat.} 11. g5 b4 12. gxf6 bxc3 13. fxg7 cxd2+ 14. Bxd2 {[%emt 0:00:08] Really sharp!} Bxg7 15. Qxg7 O-O-O 16. Bd3 f5 17. f3 Rhg8 18. Qxh7 Rh8 19. Qe7 Rde8 20. Qb4 Rxh2 21. Re1 fxe4 {[%emt 0:00:41] An even fight not without its subleties.  Weighted Error Value: White=0.06 (flawless) /Black=0.03 (flawless)} 1/2-1/2

[Event "FRA-ch Teams Top 16-Haute 2022"]
[Site "Chartres"]
[Date "2022.06.19"]
[Round "11.25"]
[White "Vachier-Lagrave, Maxime"]
[Black "Fressinet, Laurent"]
[Result "1/2-1/2"]
[ECO "C65"]
[WhiteElo "2750"]
[BlackElo "2630"]
[Annotator "TA"]
[PlyCount "98"]
[EventDate "2022.06.16"]
[EventType "team-tourn"]
[EventCountry "FRA"]
[SourceTitle "playchess.com"]
[Source "ChessBase"]
[SourceQuality "1"]
[TimeControl "40/5400+30:1800+30"]

1. e4 e5 2. Nf3 Nc6 3. Bb5 Nf6 4. d3 Bc5 5. Bxc6 dxc6 6. Nbd2 {[%emt 0:00:04] C65: Ruy Lopez: Berlin Defence (3...Nf6), unusual lines and 4 0-0 Bc5.} Be6 7. h3 Nd7 8. Nf1 f6 9. Be3 {[%emt 0:03:55] [#]} Bd6 $146 ({Predecessor:} 9... Qe7 10. d4 exd4 11. Nxd4 O-O-O 12. Qe2 Bxd4 13. Bxd4 Ne5 14. O-O-O Bxa2 15. Ne3 Be6 {0-1 (30) Warakomska,A (2306)-Zimina,O (2414) Stary Smokovec 2018}) 10. Ng3 g6 11. O-O Qe7 12. c3 h5 13. d4 h4 14. Ne2 Bc4 (14... O-O-O $15) 15. Re1 $11 O-O-O 16. Qa4 Ba6 17. dxe5 Nxe5 18. Nxe5 Qxe5 ({Much less strong is} 18... Bxe5 19. Nd4 $14) 19. Bf4 {[%emt 0:00:14] Inhibits Qh2+.} Qb5 20. Qxb5 Bxb5 21. Bxd6 cxd6 22. Nd4 Bc4 23. b3 Bf7 24. Re3 c5 25. Nc2 Be6 26. c4 f5 27. Ne1 Rh5 28. Rd1 Kc7 29. Nd3 g5 {[%emt 0:00:41] Prevents Nf4.} 30. exf5 Bxf5 31. f3 Rhh8 32. Kf2 Rhe8 33. Rxe8 {[%emt 0:00:35] The position is equal.} Rxe8 {[%emt 0:00:01][%mdl 4096] Endgame KRB-KRN} 34. Nc1 Re5 35. Ne2 Bd7 36. Nc3 Bc6 {[%emt 0:00:06] Inhibits Ne4.} 37. Rd3 Kd7 38. g4 hxg3+ 39. Kxg3 Re1 40. h4 gxh4+ 41. Kxh4 Ke6 42. Kg5 a6 43. a4 Rg1+ 44. Kf4 Re1 45. Rd2 Re5 {[%emt 0:00:00] [#] Strongly threatening ...Rf5+.} 46. Rd3 Re1 47. Re3+ Rxe3 48. Kxe3 b6 49. Ne4 Ke5 {[%emt 0:04:48] Weighted Error Value: White=0.05 (flawless) /Black=0.05 (flawless)} 1/2-1/2

[Event "FRA-ch Teams Top 16-Haute 2022"]
[Site "Chartres"]
[Date "2022.06.19"]
[Round "11.26"]
[White "Naiditsch, Arkadij"]
[Black "Moussard, Jules"]
[Result "1-0"]
[ECO "B90"]
[WhiteElo "2654"]
[BlackElo "2651"]
[Annotator "TA"]
[PlyCount "72"]
[EventDate "2022.06.16"]
[EventType "team-tourn"]
[EventCountry "FRA"]
[SourceTitle "playchess.com"]
[Source "ChessBase"]
[SourceQuality "1"]
[TimeControl "40/5400+30:1800+30"]

1. e4 c5 2. Nf3 d6 3. d4 cxd4 4. Nxd4 Nf6 5. Nc3 a6 6. Be3 e5 7. Nf3 Be7 8. Bc4 O-O 9. O-O Nc6 10. Qe2 Na5 {[%emt 0:14:06] B90: Sicilian Najdorf: Unusual White 6th moves, 6 Be3 Ng4 and 6 Be3 e5.} 11. Bd5 Be6 12. Rfd1 Qc7 {[%emt 0:09:12] The position is equal.} 13. Bg5 {[%emt 0:00:00] [#]} Bxd5 $146 (13... Rac8 $11) ({Predecessor:} 13... Nxd5 14. Nxd5 Bxd5 15. Rxd5 Bxg5 16. Nxg5 h6 17. Nf3 Nc4 18. b3 Nb6 19. Rd3 Rfd8 {1-0 (29) Neubauer,M (2421)-Wohlfahrt,H (2285) Playchess.com INT 2020}) 14. Rxd5 $16 ({Of course not} 14. Nxd5 Nxd5 15. Rxd5 f6 $11) ({Much weaker is} 14. exd5 Rac8 $11) 14... Nc4 (14... Nxd5 $2 15. Nxd5 Qc4 16. Qxc4 Nxc4 17. Bxe7 $18) 15. Bxf6 Bxf6 16. Rd3 Rfc8 (16... Nxb2 $14 {was preferrable.} 17. Nd5 Qd8) 17. Nd5 Qd8 18. Rb3 b5 19. a4 $1 Nb6 20. Nxb6 {[%emt 0:00:00] White is much more active.} ({Don't take} 20. axb5 $6 Nxd5 21. exd5 axb5 22. Rxa8 Rxa8 $14) 20... Qxb6 21. axb5 axb5 {[%emt 0:00:48] [#]} 22. Rxa8 Rxa8 23. g3 Rb8 24. Ne1 Qc6 25. c4 $40 {[%emt 0:00:00][%mdl 128] And now Nc2 would win. White has some attack.} b4 26. Nc2 Qc5 ({Better is} 26... Qa4 $14 27. Qd3 g6) 27. Ne3 Bd8 28. Nd5 Ba5 29. h4 Kf8 $2 {[%mdl 8192] [#] Loses the game.} (29... Bd8 $16) 30. Qh5 $1 $18 {[%emt 0:00:00] White is clearly winning.} h6 31. Rf3 Rb7 32. Qg6 {[%emt 0:00:00] White wants to mate with Qh7.} Kg8 {[%emt 0:00:02] Inhibits Qh7+.} 33. Nf6+ $1 Kf8 34. Nh5 Qxc4 35. Qxg7+ Ke7 36. Nf6 Kd8 {[%emt 0:00:56] Weighted Error Value: White=0.09 (flawless) /Black=0.70} 1-0

[Event "FRA-ch Teams Top 16-Haute 2022"]
[Site "Chartres"]
[Date "2022.06.19"]
[Round "11.27"]
[White "Esipenko, Andrey"]
[Black "Ragger, Markus"]
[Result "1-0"]
[ECO "D78"]
[WhiteElo "2709"]
[BlackElo "2636"]
[Annotator "TA"]
[PlyCount "79"]
[EventDate "2022.06.16"]
[EventType "team-tourn"]
[EventCountry "FRA"]
[SourceTitle "playchess.com"]
[Source "ChessBase"]
[SourceQuality "1"]
[TimeControl "40/5400+30:1800+30"]

1. d4 Nf6 2. c4 g6 3. g3 c6 4. Bg2 d5 5. Nf3 Bg7 6. O-O O-O 7. a4 {[%emt 0:00:00] D78: Fianchetto Grünfeld: 6 0-0 c6.} Be6 8. Nc3 dxc4 9. e4 {[%emt 0:00:00] Black has an edge.} Na6 10. h3 Nb4 11. Be3 a5 12. Qe2 {[%emt 0:00:00] [#]} h6 $146 (12... Ne8 $11 {was preferrable.}) ({Predecessor:} 12... Qc8 13. Kh2 Rd8 14. Ng5 Bd7 15. Qxc4 Be8 16. Rac1 Nd7 17. Qe2 Nf8 18. d5 Qb8 {½-½ (85) Giri,A (2780)-Dubov,D (2710) chess24.com INT 2021}) 13. Rad1 $14 {[%emt 0:00:00][%mdl 1024] White has compensation.} Ne8 14. Ne5 Nd6 15. f4 Qe8 16. Kh2 f6 17. Nf3 f5 18. e5 $1 Nc8 $1 19. Nh4 Nd5 20. g4 {[%emt 0:00:00] White is more active.} Ncb6 21. Bd2 Kh7 {[%emt 0:00:00] [#]} (21... Qf7 $16) 22. gxf5 $2 (22. Rg1 $1 $18) 22... Bxf5 23. Be4 {[%emt 0:00:00] Against Bd3. Strongly threatening Rg1.} e6 $1 24. Rg1 $1 {[%emt 0:00:00] aiming for Rxg6.} Ne7 25. Rg2 Rd8 {[%emt 0:00:00] [#] White leaves nothing to chance now.} (25... Rg8 $16 {was worth a try.}) 26. Rdg1 $1 $18 Qf7 $2 (26... Rd7 27. Bxf5 exf5) 27. Bxf5 {[%emt 0:00:00][%mdl 64] Deflection} Nxf5 (27... gxf5 {was called for.} 28. Rxg7+ Qxg7) 28. Rxg6 {[%emt 0:00:00][%cal Oc3e4] Black must now prevent Ne4! White is clearly winning.} Nxh4 29. Rxg7+ Qxg7 30. Rxg7+ Kxg7 31. Qg4+ Ng6 32. Qxe6 Rxd4 33. Be3 {[%emt 0:00:00][%mdl 64] Skewer} Rdxf4 34. Bxb6 R8f5 35. Qd7+ Kg8 36. Be3 Rf3 {[%emt 0:00:00] [#]} 37. Ne4 $1 Nxe5 38. Qe6+ Nf7 39. Qg6+ Kf8 40. Bc5+ {[%emt 0:00:46] Weighted Error Value: White=0.11 (very precise) /Black=0.33} 1-0

[Event "FRA-ch Teams Top 16-Haute 2022"]
[Site "Chartres"]
[Date "2022.06.19"]
[Round "11.28"]
[White "Bacrot, Etienne"]
[Black "Alekseenko, Kirill"]
[Result "1/2-1/2"]
[ECO "B51"]
[WhiteElo "2638"]
[BlackElo "2698"]
[Annotator "TA"]
[PlyCount "30"]
[EventDate "2022.06.16"]
[EventType "team-tourn"]
[EventCountry "FRA"]
[SourceTitle "playchess.com"]
[Source "ChessBase"]
[SourceQuality "1"]
[TimeControl "40/5400+30:1800+30"]

1. e4 c5 2. Nf3 d6 3. Bb5+ Nd7 4. Ba4 Ngf6 5. O-O e6 {[%emt 0:00:20] The position is equal.} 6. d3 {[%emt 0:00:52] B51: Sicilian: Moscow Variation (3 Bb5+) without 3...Bd7.} Be7 7. c4 O-O 8. Nc3 Ne5 9. Nxe5 dxe5 10. f4 exf4 11. Bxf4 Bd7 {[%emt 0:00:31] [#]} 12. Bc2 $146 ({Predecessor:} 12. e5 Bxa4 13. Nxa4 Nd7 14. Qf3 Bg5 15. Rae1 Bxf4 16. Qxf4 Qe7 17. Qe4 Nb6 18. Nc3 {½-½ (33) Swiercz,D (2664)-Sorokin,A (2536) Dulles 2022}) 12... Bc6 13. Kh1 Nd7 14. Qe2 Bg5 15. Bd6 Be7 {[%emt 0:00:27] An uneventful encounter.  Weighted Error Value: White=0.02 (flawless) /Black=0.01 (flawless)} 1/2-1/2

[Event "FRA-ch Teams Top 16-Haute 2022"]
[Site "Chartres"]
[Date "2022.06.19"]
[Round "11.29"]
[White "Gozzoli, Yannick"]
[Black "Rodshtein, Maxim"]
[Result "0-1"]
[ECO "E04"]
[WhiteElo "2591"]
[BlackElo "2588"]
[Annotator "TA"]
[PlyCount "108"]
[EventDate "2022.06.16"]
[EventType "team-tourn"]
[EventCountry "FRA"]
[SourceTitle "playchess.com"]
[Source "ChessBase"]
[SourceQuality "1"]
[TimeControl "40/5400+30:1800+30"]

1. d4 Nf6 2. Nf3 e6 3. c4 d5 4. g3 Bb4+ 5. Nbd2 dxc4 6. Bg2 Nc6 7. O-O {[%emt 0:04:56] E04: Open Catalan: 5 Nf3.} c3 {[%emt 0:05:14] 7...c3 is better than 7...Bxd2.} 8. Nc4 O-O 9. a3 {[%emt 0:01:00] The position is equal.} cxb2 $1 10. Bxb2 Be7 11. Qc2 {[%emt 0:01:45] [#]} Rb8 $146 ({Predecessor:} 11... Nb8 12. Rfc1 Nbd7 13. a4 a5 14. Bc3 c6 15. e4 b6 16. Rab1 Ba6 17. Nfd2 Qc7 {1-0 (40) Seliverstov,V (2430)-Shorokhov,A (2467) Moscow 2015}) 12. Rac1 b5 13. Nfe5 Nxe5 (13... Nxd4 14. Bxd4 Qxd4 15. Nc6 Qxc4 16. Qxc4 bxc4 17. Nxb8 $16) 14. Nxe5 {[%emt 0:00:05] aiming for Nc6.} Bb7 15. Bxb7 Rxb7 16. Nc6 Qd7 17. e4 Rc8 18. Rfd1 Rb6 19. d5 exd5 (19... Re8 $1 $14) 20. Bxf6 (20. e5 $1 $16 Rxc6 21. Qxc6 Qxc6 22. Rxc6) 20... Bxf6 $14 21. e5 (21. Nxa7 $14 Ra8 22. Rxd5) 21... Be7 $11 22. Rxd5 Qe6 $36 {[%emt 0:00:08][%mdl 2048] Black has some pressure.} 23. Rd3 (23. Nxa7 $11 Ra8 24. Qxc7 Qxd5 25. Qxb6) 23... a5 (23... Bf8 $1 $17) 24. f4 (24. Na7 $11 {remains equal.} Rd8 25. Rxd8+ Bxd8 26. Qd2) 24... Bf8 $17 25. Na7 Rcb8 {[%emt 0:02:46] White must now prevent ...c5.} 26. Nc6 Re8 27. Nd4 ({White should play} 27. Nd8 Qc8 28. Nc6 (28. Qxc7 Qxc7 29. Rxc7 b4 $17)) 27... Qg6 28. f5 {[%emt 0:03:25] [#]} Qg4 29. Qxc7 Qe4 30. Rcd1 (30. Qxb6 $2 {is the wrong capture.} Qxd3 31. Re1 Qc3 $19) (30. e6 $17 fxe6 31. Qxb6 Qxd3 32. Nxe6) 30... Rb7 $19 31. Qc6 Rxe5 32. Qxe4 Rxe4 33. Nc6 {[%emt 0:00:07] [#]} Rc7 $1 34. Nxa5 Ra4 35. Nb3 Rxa3 36. Re1 Ra8 {[%emt 0:01:36] Inhibits Re8.} 37. Re2 h5 38. Kg2 b4 39. Kf3 Be7 40. Re4 Ra2 41. h3 Rb2 42. g4 (42. Re2 $17 {is a better defense.} Rb1 43. Nd2) 42... Kh7 43. gxh5 Kh6 44. f6 Bxf6 45. Rxb4 Rcc2 46. Rb7 (46. Rb5 {was called for.}) 46... Rf2+ (46... Kxh5 47. Rxf7 Rg2 48. Ke4 $15) 47. Ke4 Bg5 ({And not} 47... Kxh5 48. Rxf7 Rbe2+ 49. Kd5 $15) 48. Rbd7 Rbe2+ 49. Kd5 Kxh5 50. Nd4 Re3 51. Rd1 (51. Rxe3 $17 {keeps fighting.} Bxe3 52. Ke4) 51... Rxh3 52. Nc6 Rf5+ 53. Kc4 Bf6 {[%emt 0:01:12] And now ...Rc3+ would win.} 54. Ne7 $2 (54. Nd8) 54... Rh4+ {[%emt 0:00:32] Weighted Error Value: White=0.28 (precise) /Black=0.10 (very precise)} 0-1

[Event "FRA-ch Teams Top 16-Haute 2022"]
[Site "Chartres"]
[Date "2022.06.19"]
[Round "11.30"]
[White "Maze, Sebastien"]
[Black "Cornette, Matthieu"]
[Result "1/2-1/2"]
[ECO "D35"]
[WhiteElo "2519"]
[BlackElo "2570"]
[Annotator "TA"]
[PlyCount "65"]
[EventDate "2022.06.16"]
[EventType "team-tourn"]
[EventCountry "FRA"]
[SourceTitle "playchess.com"]
[Source "ChessBase"]
[SourceQuality "1"]
[TimeControl "40/5400+30:1800+30"]

1. c4 e6 2. Nc3 d5 3. d4 Nf6 4. cxd5 exd5 5. Bg5 c6 6. e3 Bd6 7. Bd3 O-O 8. Nge2 {[%emt 0:05:29] D35: Queen's Gambit Declined: Exchange Variation.} Re8 9. Qc2 h6 10. Bf4 {[%emt 0:03:53] White has an edge.} a5 11. h3 Na6 12. a3 {[%emt 0:00:15] Against Nb4} Nc7 {[%emt 0:01:40] [#]} 13. Bxd6 $146 ({Predecessor:} 13. O-O Ne6 14. Bxd6 Qxd6 15. f3 c5 16. Rae1 Bd7 17. dxc5 Qxc5 18. Qd2 d4 19. exd4 Nxd4 {1-0 (62) Bluebaum,M (2647)-Pacan Milej,K (2348) Chess.com INT 2020}) 13... Qxd6 14. O-O Bd7 15. Ng3 h5 16. Rfe1 h4 17. Nf1 Nh5 ({Better is} 17... b6 $14) 18. Nh2 $16 g6 19. Nf3 Ng7 20. e4 ({Don't play} 20. Nxh4 Qf6 21. Nf3 Bxh3 $14) 20... Nce6 21. e5 Qe7 22. Qd2 Kh7 23. g3 (23. Rac1 $16) 23... hxg3 $11 24. fxg3 Rh8 25. h4 Kg8 26. Nd1 (26. Rf1 $14) 26... Nh5 27. Kg2 c5 (27... f5 $15 28. Nf2 c5) 28. Nf2 $2 {[%emt 0:02:52] [#]} (28. dxc5 $1 $14 {stays ahead.} Nxc5 29. Bc2 (29. Nf2 Nb3 $17)) 28... Nxd4 $17 29. Nxd4 cxd4 30. Nh1 Qe6 (30... Re8 $17 {[%cal Oh5g3] aiming for ...Nxg3!} 31. Kg1 Qe6) 31. Nf2 $11 {[%emt 0:00:22] Active counter play!} Qe7 (31... Rf8 $11) 32. Nh1 $1 $17 Qe6 (32... Re8 $17 {[%cal Oh5g3] And now ...Nxg3! would win.} 33. Kg1 Qe6) 33. Nf2 {[%emt 0:00:43] Weighted Error Value: White=0.19 (very precise) /Black=0.26 (precise)} 1/2-1/2